 Dungeon Crawl Stone Soup version 0.28.0 (webtiles) character file.

Game seed: 2376726268734776900

88398 brinewave the Warrior (level 15, -13/228 HPs)
             Began as a Minotaur Berserker on Feb 17, 2022.
             Was the Champion of Trog.
             Mangled by a skeletal warrior (19 damage)
             ... on level 13 of the Dungeon on Feb 18, 2022.
             The game lasted 01:46:59 (25766 turns).

brinewave the Warrior (Minotaur Berserker)         Turns: 25766, Time: 01:46:59

Health: -13/228    AC: 20    Str: 35    XL:     15   Next: 46%
Magic:  23/23      EV: 12    Int:  4    God:    Trog [******]
Gold:   208        SH:  0    Dex: 21    Spells: 14/14 levels left

rFire   + . .      SeeInvis +   K - +9 broad axe of Karma {freeze, rC+ rCorr}
rCold   + + .      Faith    .   (no shield)
rNeg    + . .      Spirit   .   G - +1 scale mail "Witad" {+Blink rC+ Regen+}
rPois   .          Reflect  .   O - +2 hat
rElec   +          Harm     .   V - +0 cloak of the Great Game {SInv}
rCorr   +          Rampage  .   C - +2 pair of gloves {Dex+3}
Will    +....                   S - +2 pair of boots {Fly}
Stlth   ..........              A - amulet of the acrobat
HPRegen 1.28/turn               Y - ring "Ruykev Qoack" {rElec rN+ Str+6}
MPRegen 0.18/turn               q - ring "Hyxko" {rF+ MP+9 Str+2 Dex+6 Stlth+}

@: berserking, flying, unable to read, very quick
A: horns 2, retaliatory headbutt, deformed body, screaming 1, inability to read
while threatened
a: Renounce Religion, Evoke Blink, Berserk, Trog's Hand, Brothers in Arms


You were on level 13 of the Dungeon.
You worshipped Trog.
Trog was exalted by your worship.
You visited 3 branches of the dungeon, and saw 21 of its levels.
You also visited: Ossuary, Bailey, Gauntlet and Volcano.

You collected 2584 gold pieces.
You spent 2376 gold pieces at shops.

Inventory:

Hand Weapons
 m - the +8 whip of Weqeg {freeze, rC+ Will+ MP-9 Int+3}
   (You bought it in a shop on level 7 of the Dungeon)

   It freezes those it strikes, dealing additional cold damage.
   It can also slow down cold-blooded creatures.
   Int:       It affects your intelligence (+3).
   rC:        It protects you from cold.
   MP:        It affects your magic capacity (-9).
   Will:      It increases your willpower.
 H - a +2 battleaxe of flaming
 K - the +9 broad axe of Karma (weapon) {freeze, rC+ rCorr}
   (You took it off a minotaur in a Gauntlet)

   It freezes those it strikes, dealing additional cold damage.
   It can also slow down cold-blooded creatures.
   rC:        It protects you from cold.
   rCorr:     It protects you from acid and corrosion.
 L - a +5 shortbow of flaming
Missiles
 d - 720 arrows
 B - a throwing net
 M - 42 poisoned darts (quivered)
Armour
 f - the +2 ratskin cloak {*Rats rPois rN+ Str-1 Int-1 Dex+1}
   (You found it on level 7 of the Dungeon)

   When the wearer is hurt, rats may emerge from it to assist them.
   Str:       It affects your strength (-1).
   Int:       It affects your intelligence (-1).
   Dex:       It affects your dexterity (+1).
   rPois:     It protects you from poison.
   rN:        It protects you from negative energy.
 x - a +0 ring mail of positive energy
 C - a +2 pair of gloves of dexterity (worn)
 G - the +1 scale mail "Witad" (worn) {+Blink rC+ Regen+}
   (You found it on level 4 of the Lair of Beasts)

   rC:        It protects you from cold.
   +Blink:    It lets you blink.
   Regen:     It increases your rate of health regeneration.
 O - a +2 hat (worn)
 P - a +4 ring mail of willpower
 R - the +0 buckler "Gavyamp" {MP+9 Str+4}
   (You acquired it on level 13 of the Dungeon)

   Str:       It affects your strength (+4).
   MP:        It affects your magic capacity (+9).
 S - a +2 pair of boots of flying (worn)
 T - a +4 plate armour of fire resistance
 U - a +4 scale mail of poison resistance
 V - the +0 cloak of the Great Game (worn) {SInv}
   (You found it in a Gauntlet)

   SInv:      It lets you see invisible.
Jewellery
 o - a ring of willpower
 q - the ring "Hyxko" (right hand) {rF+ MP+9 Str+2 Dex+6 Stlth+}
   (You bought it in a shop on level 2 of the Orcish Mines)

   [ring of dexterity]

   Str:       It affects your strength (+2).
   Dex:       It affects your dexterity (+6).
   rF:        It protects you from fire.
   MP:        It affects your magic capacity (+9).
   Stlth:     It makes you more stealthy.
 t - a +6 ring of dexterity
 A - an amulet of the acrobat (around neck)
 J - a ring of see invisible
 N - a ring of protection from fire
 Y - the ring "Ruykev Qoack" (left hand) {rElec rN+ Str+6}
   (You took it off a tengu warrior on level 11 of the Dungeon)

   [ring of strength]

   Str:       It affects your strength (+6).
   rElec:     It insulates you from electricity.
   rN:        It protects you from negative energy.
Wands
 a - a wand of charming (12)
 c - a wand of flame (27)
 Q - a wand of digging (4)
 Z - a wand of mindburst (11)
Scrolls
 g - 2 scrolls of blinking
 i - 6 scrolls of fear
 l - a scroll of silence
 v - 2 scrolls of enchant armour
 w - 8 scrolls of teleportation
 y - 3 scrolls of fog
 z - 2 scrolls of brand weapon
 I - 2 scrolls of magic mapping
Potions
 b - 3 potions of magic
 e - 11 potions of curing
 h - 2 potions of cancellation
 j - 2 potions of berserk rage
 k - 4 potions of might
 n - 4 potions of degeneration
 p - 9 potions of heal wounds
 r - 3 potions of haste
 s - 2 potions of ambrosia
 u - 2 potions of flight
 E - 2 potions of resistance {unknown}
 X - a potion of invisibility {unknown}
Miscellaneous
 D - a phantom mirror
 F - a phial of floods
 W - a box of beasts


   Skills:
 + Level 19.3 Fighting
 + Level 16.2(17.5) Axes
 - Level 11.1(15.0) Polearms
 + Level 19.2 Armour
 - Level 2.1 Dodging


You had 14 spell levels left.
You didn't know any spells.
Your spell library was empty.

Dungeon Overview and Level Annotations

Branches:
Dungeon (13/15)            Temple (0/1) D:5            Lair (6/6) D:9
  Swamp (0/4) Lair:3        Snake (0/4) Lair:3        Slime (0/5) Lair:6
    Orc (2/2) D:12            Elf (0/3) Orc:2       Ossuary (visited)
 Bailey (visited)         Volcano (visited)         Gauntlet (visited)
 Vaults: D:13-14

Altars:
Ashenzari
Fedhas
Hepliaklqana
Kikubaaqudgha
Makhleb
Okawaru
Qazlal
Ru
Sif Muna
Wu Jian
Xom
Yredelemnul
Zin
The Shining One
Beogh
Lugonu

Shops:
D:5 ?   D:7 *(   D:8 =[   Orc:2 [=(*

Portals:
Abyss: Lair:6
Trove: D:10 (give 4 scrolls of fog)

Annotations:
D:13 Urug


Innate Abilities, Weirdness & Mutations

You have a pair of horns on your head.
You reflexively headbutt those who attack you in melee.
Armour fits poorly on your strangely shaped body.
You occasionally shout uncontrollably at your foes.
You sometimes lose the ability to read scrolls when taking damage.


Message History

You slice the centaur warrior!! You freeze the centaur warrior!
You headbutt the centaur warrior.
You feel the power of Trog in you as your rage grows.
You kill the centaur warrior!
Trog accepts your kill.
You slash the centaur warrior skeleton!
The centaur warrior skeleton closely misses you.
The centaur warrior skeleton kicks you but does no damage.
The yaktaur shoots a bolt.
The bolt hits you.
* * * LOW HITPOINT WARNING * * *
The deep elf knight gestures wildly while chanting.
The deep elf knight flickers and vanishes for a moment.
Okay, then.
You slice the centaur warrior skeleton!!
The centaur warrior skeleton is severely damaged.
The yaktaur shoots a bolt.
The bolt hits you!
* * * LOW HITPOINT WARNING * * *
The centaur warrior skeleton hits you.
* * * LOW HITPOINT WARNING * * *
The centaur warrior skeleton barely misses you.
You are too berserk!
You chop the yaktaur into pieces!!! You freeze the yaktaur!
You feel the power of Trog in you as your rage grows.
You kill the yaktaur!
Trog accepts your kill.
You slice the centaur warrior skeleton!!
You freeze the centaur warrior skeleton.
You destroy the centaur warrior skeleton!
Trog accepts your kill.
You barely miss Urug.
The yaktaur shoots a bolt.
The bolt closely misses you.
You slice Urug!! You freeze Urug.
Urug is heavily wounded.
A deep elf zephyrmancer comes into view.
It is wielding a +0 long sword.
A skeletal warrior comes into view. It is wielding a +0 halberd.
Urug hits you with a +2 great sword of holy wrath!
* * * LOW HITPOINT WARNING * * *
You miss Urug. You headbutt Urug.
Urug is heavily wounded.
The skeletal warrior hits you from afar with a +0 halberd!!
You die...

#.. # #... # #..# ####
#..# ... # . #..##z# # #.
#.#.o#.# .# .
..##.#..#@##..#
#...e.co)).# #+#
###.#..#c#######.#
..........e.....#.#
................#.########
####.#..#.#####...........
........).# #.....##....
.##.#..#.##..#........##.
. #.#..#.# .###...#####.


You could see Urug, a skeletal warrior, 2 yaktaurs and 2 deep elf zephyrmancers.

Vanquished Creatures
  Jorgrun (D:13)
  A sphinx (shapeshifter) (D:11)
  Kirke (Lair:5)
  The ghost of brinewave the Warrior, a journeyman MiBe of Trog (Orc:2)
  2 orc warlords
  A stone giant (D:11)
  A minotaur (Gauntlet)
  Fannar (Orc:1)
  The ghost of porkupine the Summoner, a journeyman DrAK of Lugonu (D:11)
  6 hydras
  3 catoblepae
  A boulder beetle (D:11)
  2 ogre magi
  12 two-headed ogres
  6 centaur warriors
  2 death knights
  A tengu warrior (D:11)
  A deep troll earth mage (D:11)
  3 thrashing horrors (Lair:6)
  An orc high priest (Orc:2)
  A hell knight (Volcano)
  A wizard (D:11)
  4 orc knights
  4 ugly things (Lair:6)
  3 cyclopes
  An oklob plant (Lair:1)
  2 deep elf pyromancers
  6 orc sorcerers
  A manticore (D:7)
  2 large abominations (Gauntlet)
  2 smoke demons (Lair:6)
  A black mamba (Lair:6)
  A rust devil (Gauntlet)
  4 centaur skeletons (D:13)
  A gargoyle (D:12)
  5 cane toads
  A kobold demonologist (D:11)
  8 komodo dragons
  A yaktaur (D:13)
  A rime drake (shapeshifter) (Lair:6)
  A komodo dragon (shapeshifter) (Lair:6)
  6 rime drakes
  A freezing wraith (D:11)
  An unseen horror (D:12)
  3 ancient zymes (Lair:6)
  7 trolls
  2 hornets
  A meliai zombie (D:11)
  26 blink frogs
  3 slime creatures
  4 dream sheep (Lair:4)
  Sigmund (D:3)
  A shadow (D:9)
  69 yaks
  A vampire (D:7)
  2 water elementals (D:12)
  6 wyverns
  2 ynoxinuls
  3 spriggans (D:11)
  3 wraiths
  4 basilisks
  2 chaos spawn (Lair:6)
  A hog (Lair:5)
  4 steam dragons
  5 vampire mosquitoes
  3 wargs
  3 nagas (Lair:3)
  11 water moccasins
  2 acid dragons
  31 orc warriors
  2 hornet zombies
  2 sky beasts
  4 black bears
  3 necrophages
  3 ogres
  6 wolves (Lair:6)
  20 centaurs
  2 phantoms
  19 small abominations
  5 kobold brigands
  9 bullfrogs
  3 gnoll sergeants (Bailey)
  12 scorpions
  2 wyvern zombies (D:7)
  A wyvern skeleton (D:6)
  4 killer bees (D:11)
  12 wights
  2 electric eels
  3 howler monkeys
  A bullfrog zombie (D:7)
  10 centaur zombies
  4 jellies
  2 human zombies (Ossuary)
  3 quasits (D:5)
  14 orc priests
  3 hounds
  4 gnoll shamans
  4 iron imps (Gauntlet)
  An iguana (D:2)
  14 orc wizards
  4 scorpion zombies
  3 killer bee zombies
  2 hound skeletons
  3 mummies (Ossuary)
  27 gnolls
  2 howler monkey zombies (D:9)
  7 adders
  2 shadow imps
  3 white imps
  2 worms
  The ghost of da312102 the Sneak, a weakling DgDe (D:5)
  A dart slug (D:1)
  77 orcs
  11 endoplasms
  3 giant cockroaches
  19 goblins
  9 hobgoblins
  3 jackals (D:3)
  13 kobolds
  3 quokkas
  6 ball pythons
  6 bats
  7 frilled lizards
  3 gnoll zombies (Ossuary)
  2 goblin zombies (Ossuary)
  3 hobgoblin zombies (Ossuary)
  4 kobold zombies (Ossuary)
  2 orc zombies (Ossuary)
  A rat (D:2)
  2 rat zombies (D:6)
  A bush (Lair:1)
713 creatures vanquished.

Vanquished Creatures (others)
  A human (Lair:5)
  An orc wizard (D:11)
  5 fungi
  15 plants
22 creatures vanquished.

Grand Total: 735 creatures vanquished

Notes
Turn   | Place    | Note
-------+----------+-------------------------------------------
     0 | D:1      | brinewave the Minotaur Berserker began the quest for the
                  | Orb.
     0 | D:1      | Reached XP level 1. HP: 19/19 MP: 0/0
   277 | D:1      | Reached XP level 2. HP: 26/27 MP: 1/1
   799 | D:1      | Reached ** piety under Trog
   924 | D:1      | Reached XP level 3. HP: 28/33 MP: 2/2
  1372 | D:2      | You fall into a shaft and drop 1 floor!
  1531 | D:3      | Reached XP level 4. HP: 15/41 MP: 3/3
  2154 | D:2      | Found a faded altar of an unknown god.
  2579 | D:3      | Reached skill level 5 in Fighting
  2579 | D:3      | Reached XP level 5. HP: 48/48 MP: 4/4
  2602 | D:3      | Reached skill level 5 in Axes
  2693 | D:3      | Noticed Sigmund
  2705 | D:3      | Killed Sigmund
  2706 | D:3      | Reached XP level 6. HP: 57/57 MP: 5/5
  2962 | D:3      | Reached skill level 5 in Armour
  3884 | D:4      | Reached *** piety under Trog
  4066 | D:4      | Reached XP level 7. HP: 64/64 MP: 6/6
  4228 | D:5      | Entered Level 5 of the Dungeon
  4366 | D:5      | Found a staircase to the Ecumenical Temple.
  4391 | D:5      | Found a transporter.
  4397 | D:5      | Noticed da312102's ghost (weakling DgDe)
  4415 | D:5      | Found a transporter.
  4439 | D:5      | Killed da312102's ghost
  4679 | D:5      | Found an ornate altar of the Wu Jian Council.
  4804 | D:5      | Reached XP level 8. HP: 73/73 MP: 7/7
  4845 | D:5      | Found Foizimy's Magic Scroll Shop.
  4862 | D:5      | Bought a scroll of teleportation for 36 gold pieces
  4862 | D:5      | Bought a scroll of noise for 12 gold pieces
  4862 | D:5      | Bought a scroll of fog for 24 gold pieces
  4862 | D:5      | Bought a scroll of brand weapon for 240 gold pieces
  5022 | D:6      | Found a sand-covered staircase.
  5032 | Ossuary  | Entered an ossuary
  5457 | Ossuary  | Reached **** piety under Trog
  5597 | Ossuary  | Reached XP level 9. HP: 82/82 MP: 8/8
  6548 | D:7      | Noticed a seven-headed hydra
  6697 | D:7      | Reached skill level 10 in Fighting
  6703 | D:7      | Reached skill level 10 in Axes
  6772 | D:7      | Found a runed translucent door.
  6772 | D:7      | Found the +2 ratskin cloak {*Rats rPois rN+ Str-1 Int-1
                  | Dex+1}
  6780 | D:7      | Noticed a two-headed ogre
  6781 | D:7      | Noticed a two-headed ogre
  6804 | D:7      | Killed a two-headed ogre
  6805 | D:7      | Reached skill level 10 in Armour
  6811 | D:7      | Killed a two-headed ogre
  6812 | D:7      | Reached XP level 10. HP: 94/94 MP: 9/9
  6826 | D:7      | Noticed a death knight
  7665 | D:8      | Found Lifah's Armour Shoppe.
  7754 | D:8      | Found a flagged portal.
  7763 | Bailey   | Entered a bailey
  8381 | Bailey   | Reached ***** piety under Trog
  8748 | D:8      | Found Kezoum's Jewellery Emporium.
  9259 | D:8      | Noticed a centaur warrior
  9271 | D:8      | Killed a centaur warrior
 10103 | D:9      | Found a staircase to the Lair.
 10269 | D:9      | Found a shimmering altar of Xom.
 10280 | D:9      | Found a sacrificial altar of Ru.
 10300 | D:9      | Found a glowing golden altar of the Shining One.
 10411 | D:9      | Reached XP level 11. HP: 85/104 MP: 10/10
 10714 | D:9      | Identified the +12 long sword of Ujigelum {flame, rPois
                  | Will- Stlth+}
 10798 | D:9      | Reached skill level 1 in Polearms
 11120 | D:9      | Noticed a two-headed ogre
 11126 | D:9      | Killed a two-headed ogre
 11331 | D:9      | Received a gift from Trog
 11646 | Lair:1   | Entered Level 1 of the Lair of Beasts
 11831 | Lair:1   | Reached skill level 5 in Polearms
 12193 | Lair:1   | Noticed an eight-headed hydra
 12201 | Lair:1   | Killed a three-headed hydra
 12456 | Lair:1   | Noticed an oklob plant
 13110 | Lair:1   | Killed an oklob plant
 13111 | Lair:1   | Reached XP level 12. HP: 73/116 MP: 11/11
 13459 | Lair:2   | Noticed a six-headed hydra
 13466 | Lair:2   | Killed a two-headed hydra
 13929 | Lair:2   | Noticed a catoblepas
 13940 | Lair:2   | Killed a catoblepas
 14348 | Lair:3   | Found a staircase to the Snake Pit.
 14510 | Lair:3   | Found a staircase to the Swamp.
 14723 | Lair:3   | Noticed a six-headed hydra
 14736 | Lair:3   | Killed a two-headed hydra
 14737 | Lair:3   | Reached skill level 15 in Fighting
 15372 | Lair:4   | Reached ****** piety under Trog
 15375 | Lair:4   | Received a gift from Trog
 15393 | Lair:4   | Reached skill level 15 in Armour
 15854 | Lair:4   | Identified the +1 scale mail "Witad" {+Blink rC+ Regen+}
 16560 | Lair:5   | Found a dark tunnel.
 16567 | Volcano  | Entered a volcano
 16591 | Volcano  | Noticed a two-headed ogre
 16598 | Volcano  | Killed a two-headed ogre
 16599 | Volcano  | Reached skill level 10 in Polearms
 16599 | Volcano  | Reached XP level 13. HP: 127/127 MP: 12/12
 16755 | Volcano  | Paralysed by something for 5 turns
 16927 | Lair:5   | Noticed Kirke
 16941 | Lair:5   | Killed Kirke
 17134 | Lair:5   | Found a blossoming altar of Fedhas.
 17482 | Lair:6   | Entered Level 6 of the Lair of Beasts
 17482 | Lair:6   | Found a gate leading to a gauntlet.
 17491 | Gauntlet | Entered a Gauntlet
 17491 | Gauntlet | Found a transporter.
 17491 | Gauntlet | Found a transporter.
 17493 | Gauntlet | Found a transporter.
 17493 | Gauntlet | Found a transporter.
 17497 | Gauntlet | Found a transporter.
 17497 | Gauntlet | Found a transporter.
 17529 | Gauntlet | Found a transporter.
 17533 | Gauntlet | Found a transporter.
 17538 | Gauntlet | Noticed a balrug
 17539 | Gauntlet | Found a runed translucent gate.
 17541 | Gauntlet | Found a transporter.
 17542 | Gauntlet | Found a runed translucent gate.
 17543 | Gauntlet | Found a runed translucent gate.
 17558 | Gauntlet | Found a transporter.
 17578 | Gauntlet | Found a transporter.
 17578 | Gauntlet | Found a transporter.
 17837 | Gauntlet | Identified the +0 helmet of the Falcon {rElec Will+ Int-2}
 17850 | Gauntlet | Identified the +9 broad axe of Karma {freeze, rC+ rCorr}
 17850 | Gauntlet | Noticed a minotaur
 17861 | Gauntlet | Killed a minotaur
 17890 | Gauntlet | Identified the +0 cloak of the Great Game {SInv}
 18522 | Lair:6   | Received a gift from Trog
 18670 | Lair:6   | Found a corrupted altar of Lugonu.
 18670 | Lair:6   | Found a one-way gate to the infinite horrors of the Abyss.
 18845 | Lair:6   | Reached XP level 14. HP: 130/140 MP: 13/13
 18920 | Lair:6   | Found a staircase to the Slime Pits.
 19567 | D:7      | Found Boanlaah's Elemental Accessories.
 19604 | D:7      | Found Ahuasch's Antique Weapon Shoppe.
 19607 | D:7      | Bought a faintly glowing whip for 165 gold pieces
 19607 | D:7      | Identified the +8 whip of Weqeg {freeze, rC+ Will+ MP-9
                  | Int+3} (You bought it in a shop on level 7 of the Dungeon)
 19607 | D:7      | Bought a shimmering halberd for 198 gold pieces
 19607 | D:7      | Identified the +10 halberd of Hirrusel {pain, Fly rPois}
                  | (You bought it in a shop on level 7 of the Dungeon)
 19968 | D:10     | Entered Level 10 of the Dungeon
 20381 | D:10     | Found a portal to a secret trove of treasure.
 20482 | D:10     | Found an iron altar of Okawaru.
 20484 | D:10     | Found a shimmering blue altar of Sif Muna.
 20488 | D:10     | Found a basalt altar of Yredelemnul.
 20489 | D:10     | Found a glowing silver altar of Zin.
 20489 | D:10     | Found a burning altar of Makhleb.
 20489 | D:10     | Found a hazy altar of Hepliaklqana.
 20492 | D:10     | Found an ancient bone altar of Kikubaaqudgha.
 20493 | D:10     | Found a broken altar of Ashenzari.
 20494 | D:10     | Found a stormy altar of Qazlal.
 20633 | D:11     | Received a gift from Trog
 20666 | D:11     | Noticed a stone giant
 20948 | D:11     | Identified the ring "Ruykev Qoack" {rElec rN+ Str+6}
 21041 | D:11     | Killed a stone giant
 21113 | D:11     | Found a runed translucent door.
 21117 | D:11     | Noticed porkupine's ghost (journeyman DrAK)
 21117 | D:11     | Identified the +2 trident of Hepliaklqana's Regard {drain,
                  | rC+ Int+4}
 21183 | D:11     | Noticed a quicksilver dragon
 21187 | D:11     | Noticed a sphinx
 21187 | D:11     | a quicksilver dragon changed into a sphinx
 21192 | D:11     | Killed a sphinx
 21445 | D:11     | Reached skill level 15 in Axes
 21944 | D:11     | Killed porkupine's ghost
 22381 | D:12     | Received a gift from Trog
 22913 | D:12     | Found a staircase to the Orcish Mines.
 22933 | Orc:1    | Entered Level 1 of the Orcish Mines
 22944 | Orc:1    | Noticed an orc warlord
 22960 | D:12     | Killed an orc warlord
 22981 | Orc:1    | Reached XP level 15. HP: 128/149 MP: 14/14
 23393 | Orc:1    | Noticed Fannar
 23406 | Orc:1    | Killed Fannar
 23504 | Orc:2    | Entered Level 2 of the Orcish Mines
 23758 | Orc:2    | Noticed an orc warlord
 23778 | Orc:2    | Killed an orc warlord
 23806 | Orc:2    | Paralysed by an orc sorcerer for 4 turns
 23956 | Orc:2    | Gained mutation: You occasionally shout uncontrollably at
                  | your foes. [a neqoxec]
 24000 | Orc:2    | Gained mutation: Armour fits poorly on your strangely
                  | shaped body. [a neqoxec]
 24003 | Orc:2    | Gained mutation: You sometimes lose the ability to read
                  | scrolls when taking damage. [a neqoxec]
 24051 | Orc:1    | Received a gift from Trog
 24379 | Orc:2    | Found Ylogh's Antique Weapon Shoppe.
 24405 | Orc:2    | Found Byigajen's Antique Armour Shoppe.
 24413 | Orc:2    | Bought a polished ring mail for 225 gold pieces
 24413 | Orc:2    | Identified the +5 ring mail "Powk" {rPois rC- rN+} (You
                  | bought it in a shop on level 2 of the Orcish Mines)
 24448 | Orc:2    | Found a staircase to the Elven Halls.
 24465 | Orc:2    | Noticed brinewave's ghost (journeyman MiBe)
 24468 | Orc:2    | Found a runed translucent gate.
 24486 | Orc:2    | Found a runed translucent gate.
 24486 | Orc:2    | Found a runed translucent gate.
 24803 | Orc:2    | Found Qeyguask's Jewellery Shoppe.
 24809 | Orc:2    | Bought the ring "Hyxko" {rF+ MP+9 Str+2 Dex+6 Stlth+} for
                  | 1476 gold pieces
 24873 | Orc:2    | Found Cirodd's General Store.
 25077 | Orc:2    | Killed brinewave's ghost
 25445 | D:13     | Noticed Jorgrun
 25457 | D:13     | Killed Jorgrun
 25675 | D:13     | Identified a scroll of acquirement
 25676 | D:13     | Acquired the +0 buckler "Gavyamp" {MP+9 Str+4}
 25749 | D:13     | Noticed Urug
 25765 | D:13     | HP: 6/228 [Urug (11)]
 25766 | D:13     | Mangled by a skeletal warrior

Illustrated notes

Levels and vault maps discovered:
D:1:      mrwooster_arrival_statue_3, layout_basic
D:2:      layout_loops_corners, hellmonk_ecumenical_altar_heavens_door,
          kennysheep_decorative_pillar, roderic_lattice_a
D:3:      cheibrodos_greedy_goblins, layout_loops_ring,
          kennysheep_generic_room_14, uniq_sigmund
D:4:      layout_basic
D:5:      black_bear_nest_1, layout_rooms, nicolae_wu_jian_immortal_techniques,
          minmay_temple_entry_slanted, serial_shops, shop_fountains,
          gammafunk_ghost_stat_death, minmay_misc_feat_iff
D:6:      layout_gridville, enter_ossuary_4
D:7:      minmay_the_grid_triangle_9x9_rhombus_thin
          [minmay_the_grid_triangle_9x9_warning,
          minmay_the_grid_triangle_9x9_prize_schism,
          minmay_the_grid_triangle_9x9_alien,
          minmay_the_grid_triangle_9x9_subtriangle], layout_rooms, serial_shops,
          kennysheep_mini_moat, nicolae_elemental_shop
D:8:      kennysheep_blocky_room, layout_basic, serial_shops, shop,
          nicolae_shop_hallway_plus, lightli_bailey_entry_fortress
D:9:      minmay_bubble_buster, layout_irregular_city,
          mainiacjoe_overflow_surrounded_room, nicolae_overflow_squiral,
          lair_entry_dummy, st_stairs_14, grunt_ministairs_4
D:10:     layout_long_grid, minitemple, nicolae_trove_entry_crystal
D:11:     minmay_complete_graph, layout_layer_cave, ebering_ghost_funeral_grove
D:12:     layout_basic, hiddenorc1_lemuel
D:13:     layout_loops_corners, hangedman_vaults_entry_quadrant_bands,
          serial_co_window_serial, co_window_paths_b, co_window_corner_a,
          co_window_corner_a, co_window_corner_a, co_window_paths_a,
          co_window_paths_a, co_window_corner_a, co_window_of_opportunity_b,
          co_window_of_opportunity_b, co_window_corner_ca, co_window_paths_c,
          co_window_broadway_a, glass_columns_b, glass_columns_b,
          glass_columns_b, uniq_urug, uniq_jorgrun
Lair:1:   layout_gridlike, minmay_lair_oklob_bushes, serial_bayou_lagoon_a,
          chequers_serial_rivers_small_3
Lair:2:   layout_big_grid
Lair:3:   layout_cave_pods, swamp_mist, minmay_snake_entry_guardpost_small
Lair:4:   layout_layer_cave, minmay_lindwurm_lava, grunt_megastairs_2
Lair:5:   layout_misc_corridors, nicolae_volcano_entry_hallway,
          lemuel_centaur_altar, grunt_megastairs_5, uniq_kirke
Lair:6:   hellmonk_lair_end_abyssal_woods, layout_hall_layers,
          nicolae_slime_entry_slimehenge, gauntlet_entry_generic
Orc:1:    layout_diamond_mine, uniq_fannar
Orc:2:    grunt_orc_cross, layout_diamond_mine, gammafunk_ghost_split,
          mines2_david

Skill      XL: |  1  2  3  4  5  6  7  8  9 10 11 12 13 14 15 |
---------------+----------------------------------------------+-----
Axes           | 4 5 6 7 8 10 12 13 15 16 | 16.2
Fighting       | 4 5 6 7 8 10 12 13 15 17 18 19 | 19.3
Armour         | 3 4 5 6 8 10 11 13 15 16 18 19 | 19.2
Polearms       | 6 10 11 | 11.1
Dodging        | |  2.1

Action                   |  1- 3 |  4- 6 |  7- 9 | 10-12 | 13-15 || total
-------------------------+-------+-------+-------+-------+-------++-------
Melee: Dagger            |    78 |       |       |       |       ||    78
       Hand axe          |     6 |   113 |   312 |   304 |       ||   735
       Headbutt          |    10 |    19 |    82 |   149 |   179 ||   439
       Punch             |       |     3 |     6 |     2 |     7 ||    18
       Halberd           |       |       |       |   337 |   110 ||   447
       Battleaxe         |       |       |       |    14 |     7 ||    21
       Broad axe         |       |       |       |       |   660 ||   660
Invok: Berserk           |       |     1 |     1 |     1 |     8 ||    11
       Trog's Hand       |       |     1 |       |       |     1 ||     2
Evoke: Box of beasts     |       |       |       |       |     1 ||     1
       Phial of floods   |       |       |       |       |     1 ||     1
  Use: Scroll            |     1 |     3 |     7 |    13 |    11 ||    35
 Stab: Sleeping          |     2 |       |       |       |       ||     2
       Petrified         |       |       |       |       |     2 ||     2
Armor: Animal skin       |     7 |       |       |       |       ||     7
       Scale mail        |    18 |    30 |   107 |    13 |   415 ||   583
       Chain mail        |       |       |    14 |    57 |       ||    71
       Plate armour      |       |       |       |   270 |       ||   270
Dodge: Dodged            |    44 |    48 |   148 |   368 |   530 ||  1138
